 Dungeon Crawl Stone Soup version 0.20.1-1-g8b1a95d (webtiles) character file.

207 digijack the Ruffian (level 5, 0/53 HPs)
             Began as a Troll Monk on Nov 7, 2017.
             Was an Initiate of Dithmenos.
             Slain by a hobgoblin
             ... wielding a +0 club
              (6 damage)
             ... on level 3 of the Dungeon.
             The game lasted 00:10:54 (1637 turns).

digijack the Ruffian (Troll Monk)                   Turns: 1637, Time: 00:10:55

Health: 0/53       AC:  3    Str: 19    XL:     5   Next: 54%
Magic:  4/4        EV: 11    Int:  6    God:    Dithmenos [......]
Gold:   106        SH:  0    Dex: 13    Spells: 4/4 levels left

rFire    . . .     SeeInvis .     - Unarmed
rCold    . . .     Gourm    +   (no shield)
rNeg     . . .     Faith    .   (armour restricted)
rPois    .         Spirit   .   (helmet restricted)
rElec    .         Reflect  .   (no cloak)
rCorr    .         Harm     .   (gloves unavailable)
MR       .....                  (boots unavailable)
Stlth    ++........             (no amulet)
Regen    0.6/turn               f - ring of flight
MPRegen  0.1/turn               (no ring)

@: no status effects
A: unfitting armour, claws 3, fast metabolism 3, gourmand, regeneration 1,
shaggy fur 1, tough skin 2
a: Renounce Religion, Evoke Flight


You were on level 3 of the Dungeon.
You worshipped Dithmenos.
Dithmenos was noncommittal.
You were very full.

You visited 1 branch of the dungeon, and saw 3 of its levels.

You collected 106 gold pieces.

Inventory:

Armour
 a - a +1 robe
Jewellery
 f - a ring of flight (left claw)
Wands
 g - a wand of polymorph (13/24)
Scrolls
 c - a scroll of fear
 d - 4 scrolls of teleportation
 k - a scroll of identify
 l - a scroll of fog
Potions
 e - a potion of heal wounds
 j - a potion of cancellation {unknown}
Books
 h - a book of Minor Magic

   Spells                             Type                      Level
   a - Magic Dart                     Conjuration                  1
   b - Blink                          Translocation                2
   c - Call Imp                       Summoning                    2
   d - Slow                           Hexes                        2
   e - Conjure Flame                  Conjuration/Fire             3
   f - Mephitic Cloud                 Conjuration/Poison/Air       3
Comestibles
 b - 4 bread rations


   Skills:
 + Level 3.5 Fighting
 + Level 3.5 Dodging
 - Level 1.0 Stealth
 + Level 4.3 Unarmed Combat


You had 4 spell levels left.
You didn't know any spells.

Dungeon Overview and Level Annotations

Branches:
Dungeon (3/15)

Altars:
Dithmenos
Xom


Innate Abilities, Weirdness & Mutations

You are too large for most types of armour.
You have claws for hands.
Your metabolism is lightning-fast.
You like to eat raw meat.
Your natural rate of healing is unusually fast.
You are covered in fur. (AC +1)
You have very tough skin. (AC +2)


Message History

The hobgoblin barely misses you.
The hobgoblin hits you but does no damage.
The hobgoblin barely misses you. The hobgoblin hits you with a club.
* * * LOW HITPOINT WARNING * * *
The hobgoblin closely misses you. The hobgoblin barely misses you.
The hobgoblin hits you but does no damage.
The hobgoblin misses you. The hobgoblin barely misses you.
The hobgoblin hits you with a club.
* * * LOW HITPOINT WARNING * * *
The hobgoblin hits you with a club.
* * * LOW HITPOINT WARNING * * *
The hobgoblin hits you with a club.
* * * LOW HITPOINT WARNING * * *
The hobgoblin hits you with a club.
* * * LOW HITPOINT WARNING * * *
The hobgoblin hits you with a club.
You die...

#....... ##.....####
#.####.§ ....#.(...##
....##.# ...........##
#.##....§ ......(.....#
#....#..# ............#
##.###...§
....).......###....#...#
......g.....#..........#
.......@.......#..#.....
.......................#
.............#......#..#
....#.....#............#
### #######............#
#..#......#..#
##...........#
#...#..#....#
##..........#


You could see a hobgoblin.

Vanquished Creatures
  Sigmund (D:2)
  An adder (D:2)
  A dart slug (D:2)
  A leopard gecko (D:1)
  A giant cockroach (D:1)
  2 goblins (D:1)
  2 hobgoblins
  2 jackals (D:2)
  3 kobolds
  4 bats
  5 frilled lizards
  5 rats
28 creatures vanquished.

Notes
Turn   | Place    | Note
-------+----------+-------------------------------------------
     0 | D:1      | digijack the Troll Monk began the quest for the Orb.
     0 | D:1      | Reached XP level 1. HP: 22/22 MP: 0/0
   350 | D:1      | Reached XP level 2. HP: 28/29 MP: 1/1
   879 | D:2      | Noticed Sigmund
   889 | D:2      | Killed Sigmund
   889 | D:2      | Reached skill level 4 in Unarmed Combat
   889 | D:2      | Reached XP level 3. HP: 26/37 MP: 2/2
   889 | D:2      | Reached XP level 4. HP: 32/45 MP: 3/3
   889 | D:2      | Reached XP level 5. HP: 37/53 MP: 4/4
  1278 | D:3      | Found a shimmering altar of Xom.
  1285 | D:3      | Became a worshipper of Xom of Chaos
  1363 | D:3      | Found a shadowy altar of Dithmenos.
  1368 | D:3      | Fell from the grace of Xom
  1368 | D:3      | Became a worshipper of Dithmenos the Shadowed
  1637 | D:3      | Slain by a hobgoblin

Skill      XL: |  1  2 |
---------------+-------+-----
Fighting       | 3 |  3.5
Dodging        | 3 |  3.5
Unarmed Combat | 4 |  4.3
Stealth        | |  1.0

Action                   |  1- 3 |  4- 6 || total
-------------------------+-------+-------++-------
Melee: Unarmed           |    49 |    21 ||    70
       Punch             |       |     1 ||     1
  Use: Scroll            |     7 |     2 ||     9
       Potion            |     3 |       ||     3
 Stab: Sleeping          |     1 |       ||     1
  Eat: Chunk             |    13 |     5 ||    18
Armor: Robe              |    12 |   115 ||   127
       Skin              |       |     7 ||     7
Dodge: Dodged            |    23 |   183 ||   206
